 Dungeon Crawl Stone Soup version 0.28-a0-750-g7c675f85b1 (webtiles) character file.

Game seed: 12766512597691753089

4192 Woods the Martial Artist (level 10, 0/76 HPs)
             Began as a Gnoll Transmuter on Oct 30, 2021.
             Slain by Harold (14 damage)
             ... on level 7 of the Dungeon.
             The game lasted 00:20:02 (10247 turns).

Woods the Martial Artist (Gnoll Transmuter)        Turns: 10247, Time: 00:20:03

Health: 0/76       AC:  2    Str: 10    XL:     10   Next: 29%
Magic:  18/20      EV: 24    Int: 15    God:
Gold:   356        SH:  0    Dex: 18    Spells: 9/23 levels left

rFire   . . .      SeeInvis .     - Unarmed
rCold   . . .      Faith    .   (shield currently unavailable)
rNeg    + . .      Spirit   .   (armour currently unavailable)
rPois   x          Reflect  .   (helmet currently unavailable)
rElec   .          Harm     .   (cloak currently unavailable)
rCorr   .          Rampage  .   (gloves currently unavailable)
Will    .....                   (boots currently unavailable)
Stlth   +++.......              (no amulet)
HPRegen 0.22/turn               f - ring of positive energy
MPRegen 0.17/turn               (no ring)

@: spider-form (expiring), marked
A: venomous fangs, tiny, (fangs 1), strong nose, distributed training
a: End Transformation


You were on level 7 of the Dungeon.
You were a venomous arachnid creature.
You visited 1 branch of the dungeon, and saw 7 of its levels.
You also visited: Ossuary.

You collected 356 gold pieces.

Inventory:

Hand Weapons
 H - the +8 war axe of the Morning {antimagic, Will++}
   (You found it on level 7 of the Dungeon)

   It reduces the magical energy of the wielder, and disrupts the spells and
   magical abilities of those it strikes.
   Natural abilities and divine invocations are not affected.
   Will:      It greatly increases your willpower.
Missiles
 n - 3 throwing nets
Armour
 a - a +0 robe (melded)
 o - a +0 plate armour
 w - a +0 scale mail
Jewellery
 f - a ring of positive energy (left front leg)
 y - an amulet of faith
 A - a ring of resist corrosion
 B - a ring of fire
 I - a +4 ring of slaying
Wands
 m - a wand of flame (17)
 q - a wand of polymorph (7)
 s - a wand of acid (8)
Scrolls
 c - 7 scrolls of identify
 k - 3 scrolls of magic mapping {unknown}
 p - 7 scrolls of enchant armour {unknown}
 r - 3 scrolls of teleportation
 u - 3 scrolls of amnesia {unknown}
 C - a scroll of brand weapon {unknown}
 D - 2 scrolls of fog {unknown}
 E - a scroll of holy word {unknown}
 F - a scroll of vulnerability {unknown}
 G - a scroll of enchant weapon {unknown}
 L - a scroll of fear {unknown}
 M - a scroll of blinking {unknown}
Potions
 b - 4 potions of mutation {unknown}
 d - 3 potions of curing {unknown}
 e - a potion of invisibility {unknown}
 g - 3 potions of heal wounds {unknown}
 h - 4 potions of lignification {unknown}
 i - a potion of resistance {unknown}
 j - 3 potions of cancellation {unknown}
 l - a potion of ambrosia {unknown}
 t - 2 potions of berserk rage {unknown}
 v - 2 potions of haste {unknown}
 x - 2 potions of attraction {unknown}
 z - a potion of might {unknown}
 J - a potion of brilliance
 K - a potion of flight {unknown}


   Skills:
 + Level 5.8 Fighting
 + Level 5.1 Short Blades
 + Level 5.1 Long Blades
 + Level 5.1 Axes
 + Level 5.1 Maces & Flails
 + Level 5.1 Polearms
 + Level 5.1 Staves
 + Level 5.1 Slings
 + Level 5.1 Bows
 + Level 5.1 Crossbows
 + Level 5.1 Throwing
 + Level 5.1 Armour
 + Level 7.0 Dodging
 + Level 5.1 Stealth
 + Level 5.1 Shields
 + Level 8.4 Unarmed Combat
 + Level 7.2 Spellcasting
 + Level 4.2 Conjurations
 + Level 4.2 Hexes
 + Level 4.2 Summonings
 + Level 4.2 Necromancy
 + Level 4.2 Translocations
 + Level 5.8 Transmutations
 + Level 4.2 Fire Magic
 + Level 4.2 Ice Magic
 + Level 4.2 Air Magic
 + Level 4.2 Earth Magic
 + Level 4.2 Poison Magic
 + Level 5.6 Invocations
 + Level 5.1 Evocations


You had 9 spell levels left.
You knew the following spells:

 Your Spells              Type           Power      Damage    Failure   Level
a - Beastly Appendage     Tmut           44%        N/A       6%          1
b - Wereblood             Tmut           22%        N/A       8%          2
c - Spider Form           Tmut/Pois      10%        N/A       14%         3
d - Blink                 Tloc           36%        N/A       12%         2
e - Ice Form              Ice/Tmut       20%        N/A       34%         4
f - Passwall              Tmut/Erth      16%        N/A       10%         2

Your spell library contained the following spells:

 Spells                   Type           Power      Damage    Failure   Level
 Pain                     Necr           72%        1d7       9%          1
 Sandblast                Erth           36%        2d10      9%          1
 Corpse Rot               Necr/Air       36%        N/A       12%         2
 Poisonous Vapours        Pois/Air       36%        N/A       12%         2
 Dazzling Flash           Conj/Hex       36%        N/A       19%         3
 Stone Arrow              Conj/Erth      36%        3d9       19%         3
 Iskenderun's Mystic Bla  Conj/Tloc      18%        2d6       43%         4
 Agony                    Necr           18%        N/A       75%         5
 Excruciating Wounds      Necr           9%         N/A       75%         5
 Manifold Assault         Tloc           18%        N/A       75%         5
 Starburst                Conj/Fire      9%         6d5       99%         6
 Storm Form               Tmut/Air       10%        N/A       100%        7


Dungeon Overview and Level Annotations

Branches:
Dungeon (7/15)             Temple (0/1) D:7         Ossuary (visited)

Altars:

Shops:
D:4 *

Annotations:
D:7 Harold


Innate Abilities, Weirdness & Mutations

You are a venomous arachnid creature.
You have poisonous fangs.
You are tiny and dextrous.
Your spellcasting is less reliable in this form.
Your armour is entirely melded.
You are incapable of wielding weapons or throwing items.
((You have very sharp teeth.))
Your uncanny sense of smell can sniff out nearby items.
Your experience applies equally to all skills.


Message History

You blink.
Found 16 stones.
You feel stable enough to blink again.
You see here 5 gold pieces.
Casting: Blink (safe; 3% risk of failure)
Confirm with . or Enter, or press ? or * to list all spells.
You turn into a venomous arachnid creature.
Your +0 robe melds into your body.
Harold points at you and mumbles some strange words.
A sentinel's mark forms upon you.
Harold throws a throwing net.
The throwing net closely misses you.
Harold says, "Let's make it quick, okay?
I've got mouths to feed."
Harold hits you with a +0 flail!!
You hit Harold.
Harold is poisoned.
Harold is lightly wounded.
You hit Harold.
Harold looks as sick as possible!
Harold is lightly wounded.
Harold completely misses you.
You hit Harold.
Harold looks as sick as possible!
Harold is moderately wounded.
Harold closely misses you.
You bite Harold!
Harold looks as sick as possible!
Harold is moderately wounded.
Harold points at you and mumbles some strange words.
The mark upon you grows brighter.
You hit Harold.
Harold looks as sick as possible!
Harold is moderately wounded.
Harold closely misses you.
You barely miss Harold.
Harold is moderately wounded.
Harold grumbles, "Just give up already, I want to go home!"
Harold hits you with a +0 flail!
You hit Harold but do no damage.
Harold looks as sick as possible!
Harold is heavily wounded.
Harold hits you with a +0 flail!!
* * * LOW HITPOINT WARNING * * *
You barely miss Harold.
Harold is heavily wounded.
Your transformation is almost over.
Harold hits you with a +0 flail!
You die...

#....# #..... #....# #.....
#....##### #[.... #....(...#
#..... #.(......# #.....
#..$.....# #.....
#........#####.....
#........#...#.....
######.s......#...'..... ###
#.....@.......#...#.....
....#..)......#####...#.....
..............#..###'##.....
≈≈≈≈≈.........#..##...#.....
.##≈...(†....#.......#.....
#≈.#'##....#..##<..#.....
#≈....#....#..###+##.....
#≈....#....#..##...###'##


You could see Harold (extremely poisoned).

Vanquished Creatures
  Grinder (D:4)
  Menkaure (D:4)
  3 water moccasins
  2 ice beasts
  2 black bears
  2 ogres
  2 necrophages (D:5)
  3 phantoms
  A kobold brigand (D:7)
  6 scorpions
  9 water moccasin zombies
  A gnoll sergeant (D:5)
  A wyvern skeleton (D:5)
  2 howler monkeys (D:7)
  2 bullfrog zombies (Ossuary)
  6 centaur zombies
  2 centaur skeletons
  5 hounds
  3 jellies
  A gnoll shaman (D:6)
  Jessica (D:2)
  5 iguanas
  Natasha (thrice) (D:2)
  2 orc wizards (D:5)
  5 killer bee zombies
  A hound skeleton (D:5)
  12 mummies (Ossuary)
  A howler monkey skeleton (D:6)
  12 gnolls
  7 adders
  A shadow imp (D:7)
  An ufetubus (D:6)
  An adder skeleton (D:4)
  4 worms
  4 dart slugs
  10 orcs
  A bat (D:1)
  9 endoplasms
  3 giant cockroaches
  9 goblins
  A hobgoblin (D:1)
  11 kobolds
  8 quokkas
  12 ball pythons
  6 frilled lizards
  5 rats
190 creatures vanquished.

Vanquished Creatures (others)
  8 withered plants (Ossuary)
8 creatures vanquished.

Grand Total: 198 creatures vanquished

Notes
Turn   | Place    | Note
-------+----------+-------------------------------------------
     0 | D:1      | Woods the Gnoll Transmuter began the quest for the Orb.
     0 | D:1      | Reached XP level 1. HP: 17/17 MP: 6/6
   386 | D:1      | Reached XP level 2. HP: 17/23 MP: 5/7
   822 | D:1      | Reached XP level 3. HP: 28/28 MP: 7/9
   845 | D:1      | Reached skill level 5 in Spellcasting
  1129 | D:2      | Noticed Natasha
  1147 | D:2      | Reached skill level 1 in Invocations
  1201 | D:1      | Reached skill level 1 in Short Blades
  1201 | D:1      | Reached skill level 1 in Long Blades
  1201 | D:1      | Reached skill level 1 in Axes
  1201 | D:1      | Reached skill level 1 in Maces & Flails
  1201 | D:1      | Reached skill level 1 in Polearms
  1201 | D:1      | Reached skill level 1 in Staves
  1201 | D:1      | Reached skill level 1 in Slings
  1201 | D:1      | Reached skill level 1 in Bows
  1201 | D:1      | Reached skill level 1 in Crossbows
  1201 | D:1      | Reached skill level 1 in Throwing
  1201 | D:1      | Reached skill level 1 in Armour
  1201 | D:1      | Reached skill level 1 in Stealth
  1201 | D:1      | Reached skill level 1 in Shields
  1201 | D:1      | Reached skill level 1 in Evocations
  1203 | D:1      | Reached XP level 4. HP: 6/34 MP: 9/11
  1743 | D:2      | Found a faded altar of an unknown god.
  1759 | D:2      | Learned a level 2 spell: Wereblood
  1763 | D:2      | Learned a level 3 spell: Spider Form
  1766 | D:2      | Learned a level 2 spell: Blink
  1771 | D:2      | Learned a level 4 spell: Ice Form
  1805 | D:2      | Killed Natasha
  1806 | D:2      | Reached skill level 1 in Conjurations
  1806 | D:2      | Reached skill level 1 in Hexes
  1806 | D:2      | Reached skill level 1 in Summonings
  1806 | D:2      | Reached skill level 1 in Necromancy
  1806 | D:2      | Reached skill level 1 in Translocations
  1806 | D:2      | Reached skill level 1 in Fire Magic
  1806 | D:2      | Reached skill level 1 in Ice Magic
  1806 | D:2      | Reached skill level 1 in Air Magic
  1806 | D:2      | Reached skill level 1 in Earth Magic
  1806 | D:2      | Reached skill level 1 in Poison Magic
  1872 | D:2      | Noticed Natasha
  1879 | D:2      | Killed Natasha
  1880 | D:2      | Reached XP level 5. HP: 33/40 MP: 8/12
  2452 | D:2      | Noticed Jessica
  2462 | D:2      | Killed Jessica
  2520 | D:2      | Noticed Natasha
  2534 | D:2      | Killed Natasha
  2903 | D:3      | Reached XP level 6. HP: 24/47 MP: 11/13
  3536 | D:4      | Reached skill level 5 in Dodging
  3636 | D:4      | Noticed Grinder
  3663 | D:4      | Killed Grinder
  3664 | D:4      | Reached skill level 7 in Unarmed Combat
  3664 | D:4      | Reached XP level 7. HP: 24/52 MP: 8/15
  3864 | D:4      | Noticed Menkaure
  4411 | D:4      | Killed Menkaure
  4494 | D:4      | Reached XP level 8. HP: 45/60 MP: 11/16
  4987 | D:4      | Found Wrivo's Whimsical Warehouse.
  5246 | D:5      | Entered Level 5 of the Dungeon
  5974 | D:5      | Reached skill level 5 in Transmutations
  5974 | D:5      | Reached XP level 9. HP: 62/66 MP: 15/18
  5993 | D:5      | Learned a level 2 spell: Passwall
  6414 | D:5      | Reached skill level 5 in Fighting
  7313 | D:6      | Reached skill level 8 in Unarmed Combat
  7757 | D:6      | Reached skill level 5 in Invocations
  8395 | D:7      | Found a staircase to the Ecumenical Temple.
  8701 | D:7      | Identified the +8 war axe of the Morning {antimagic,
                  | Will++}
  8757 | D:7      | Found a sand-covered staircase.
  8947 | Ossuary  | Entered an ossuary
  9186 | Ossuary  | Reached XP level 10. HP: 61/74 MP: 5/20
  9603 | Ossuary  | Reached skill level 5 in Short Blades
  9603 | Ossuary  | Reached skill level 5 in Long Blades
  9603 | Ossuary  | Reached skill level 5 in Axes
  9603 | Ossuary  | Reached skill level 5 in Maces & Flails
  9603 | Ossuary  | Reached skill level 5 in Polearms
  9603 | Ossuary  | Reached skill level 5 in Staves
  9603 | Ossuary  | Reached skill level 5 in Slings
  9603 | Ossuary  | Reached skill level 5 in Bows
  9603 | Ossuary  | Reached skill level 5 in Crossbows
  9603 | Ossuary  | Reached skill level 5 in Throwing
  9603 | Ossuary  | Reached skill level 5 in Armour
  9603 | Ossuary  | Reached skill level 5 in Stealth
  9603 | Ossuary  | Reached skill level 5 in Shields
  9603 | Ossuary  | Reached skill level 5 in Evocations
 10226 | D:7      | Noticed Harold
 10247 | D:7      | Slain by Harold

Illustrated notes

Levels and vault maps discovered:
D:1:      dpeg_arrival_pits, layout_basic
D:2:      layout_basic, serial_curves, eino_curves_04, eino_curves_03,
          chequers_ecumenical_altar_simple_redux, kennysheep_jessica_study,
          uniq_natasha
D:3:      layout_rooms
D:4:      layout_basic, nicolae_alphabet_shops, grunt_tough_drop, uniq_menkaure,
          uniq_grinder
D:5:      minmay_opposing_rooms, layout_basic, hangedman_glass_garden,
          kennysheep_small_circle
D:6:      layout_layer_cave
D:7:      layout_gridville, minmay_temple_entry_statues,
          nicolae_ossuary_entry_monument, enter_bailey_3, uniq_harold

Skill      XL: |  1  2  3  4  5  6  7  8  9 10 |
---------------+-------------------------------+-----
Spellcasting   | 5 6 7 |  7.2
Invocations    | 1 2 3 4 5 |  5.6
Short Blades   | 1 2 3 4 5 |  5.1
Long Blades    | 1 2 3 4 5 |  5.1
Axes           | 1 2 3 4 5 |  5.1
Maces & Flails | 1 2 3 4 5 |  5.1
Polearms       | 1 2 3 4 5 |  5.1
Staves         | 1 2 3 4 5 |  5.1
Slings         | 1 2 3 4 5 |  5.1
Bows           | 1 2 3 4 5 |  5.1
Crossbows      | 1 2 3 4 5 |  5.1
Throwing       | 1 2 3 4 5 |  5.1
Armour         | 1 2 3 4 5 |  5.1
Stealth        | 1 2 3 4 5 |  5.1
Shields        | 1 2 3 4 5 |  5.1
Evocations     | 1 2 3 4 5 |  5.1
Conjurations   | 1 2 3 4 |  4.2
Hexes          | 1 2 3 4 |  4.2
Summonings     | 1 2 3 4 |  4.2
Necromancy     | 1 2 3 4 |  4.2
Translocations | 1 2 3 4 |  4.2
Fire Magic     | 1 2 3 4 |  4.2
Ice Magic      | 1 2 3 4 |  4.2
Air Magic      | 1 2 3 4 |  4.2
Earth Magic    | 1 2 3 4 |  4.2
Poison Magic   | 1 2 3 4 |  4.2
Fighting       | 3 4 5 |  5.8
Transmutations | 4 5 |  5.8
Dodging        | 5 6 7 |  7.0
Unarmed Combat | 7 8 |  8.4

Action                   |  1- 3 |  4- 6 |  7- 9 | 10-12 || total
-------------------------+-------+-------+-------+-------++-------
Melee: Unarmed           |    83 |   109 |   352 |   172 ||   716
       Bite              |     7 |     1 |     3 |     1 ||    12
       Kick              |     7 |     2 |       |       ||     9
       Headbutt          |     4 |     2 |       |       ||     6
       Punch             |     1 |       |     1 |       ||     2
       War axe           |       |       |    11 |       ||    11
 Cast: Beastly Appendage |    18 |    11 |       |       ||    29
       Spider Form       |       |    14 |    47 |    14 ||    75
       Wereblood         |       |       |     2 |       ||     2
       Blink             |       |       |       |     1 ||     1
       Ice Form          |       |       |       |     1 ||     1
 Abil: End Transformatio |       |       |     1 |       ||     1
  Use: Scroll            |       |       |     5 |       ||     5
 Stab: Sleeping          |       |     1 |     4 |     2 ||     7
       Distracted        |       |       |     1 |       ||     1
Armor: Robe              |     6 |     4 |     4 |       ||    14
       Skin              |       |     2 |    13 |     9 ||    24
Dodge: Dodged            |    65 |    84 |   342 |   161 ||   652

Table legend: (Time is in decaauts)
 A = Elapsed time spent in this place.
 B = Non-inter-level travel time spent in this place.
 C = Inter-level travel time spent in this place.
 D = Time resting spent in this place.
 E = Time spent auto-exploring this place.
 F = Levels seen in this place.
 G = Mean time per level.
                   A        B        C        D        E       F      G
               +--------+--------+--------+--------+--------+-----+--------+
         Total |  10177 |   9973 |    204 |   2559 |   5037 |   8 | 1272.1 |
       Dungeon |   9030 |   8826 |    204 |   1973 |   4922 |   7 | 1290.0 |
       Ossuary |   1147 |   1147 |      0 |    586 |    115 |   1 | 1147.0 |
               +--------+--------+--------+--------+--------+-----+--------+

Top non-repeatable levels by time:
     D:4: 1708 daAuts
     D:5: 1557 daAuts
     D:6: 1524 daAuts
     D:1: 1407 daAuts
     D:2: 1353 daAuts
 Ossuary: 1147 daAuts
     D:3: 752 daAuts
     D:7: 726 daAuts
